AoeStats
← Nahgas0723

Arabia

505306733Analyzed
1v1 RM · 24d ago on Sep 8, 2026· 30m 42s· 2 players
Game mode
Random Map
Map size
Tiny (2 player)
Population
200
Speed
Normal
Resources
Standard
Victory
Conquest
Starting age
Dark Age
Ending age
Imperial Age
RankedLock teamsTeams togetherTeam positionsShared explorationLock speedFull tech treeHidden civsTurbo modeCheats
Victory
Defeat
🇺🇸 Khmer · United States
640
+15
🇦🇷 Sicilians · Argentina
618
-21
Nahgas0723
4:31 Loom
10:35 Feudal Age
13:23 Double-Bit Axe
26:22 Fletching
Razzles
2:05 Loom
13:31 Feudal Age
14:05 Double-Bit Axe
17:47 Horse Collar
21:30 Castle Age
21:54 Gold Mining
21:36 Crossbowman
23:36 Husbandry
31:06 Bloodlines
Connection lost

Rejoining the realm…

Still unreachable

The connection could not be restored.

Session expired

The server has moved on; the page needs a fresh start.